 Dungeon Crawl Stone Soup version 0.26-a0-29-gb080af9 (webtiles) character file.

Game seed: 8987841625913083164, levelgen mode: deterministic

3892 BlueFish the Sneak (level 10, -6/66 HPs)
             Began as an Octopode Warper on May 29, 2020.
             Was an Initiate of Cheibriados.
             Mangled by a troll (10 damage)
             ... on level 9 of the Dungeon.
             The game lasted 00:42:43 (8072 turns).

BlueFish the Sneak (Octopode Warper)                Turns: 8072, Time: 00:42:43

Health: -6/66      AC:  1    Str: 14    XL:     10   Next: 19%
Magic:  1/16       EV: 15    Int: 17    God:    Cheibriados [......]
Gold:   368        SH:  4    Dex: 13    Spells: 7/17 levels left

rFire    . . .     SeeInvis .     - Unarmed
rCold    . . .     Gourm    .   w - +0 buckler
rNeg     . . .     Faith    .   (helmet restricted)
rPois    .         Spirit   .   j - amulet of regeneration
rElec    .         Reflect  .   (no ring)
rCorr    .         Harm     .   (no ring)
MR       .....                  (no ring)
Stlth    ++++......             (no ring)
HPRegen  0.61/turn              (no ring)
MPRegen  0.15/turn              (no ring)
                                (no ring)
                                (no ring)

@: about to teleport, very slightly contaminated, very slow
A: almost no armour, stealthy swim, amphibious, 8 rings, constrict 8, camouflage
1, gelatinous body 1
a: Bend Time, Renounce Religion


You were on level 9 of the Dungeon.
You worshipped Cheibriados.
Cheibriados was noncommittal.
You were near starving.

You visited 2 branches of the dungeon, and saw 10 of its levels.

You collected 368 gold pieces.

Inventory:

Missiles
 a - 200 arrows
 b - 6 silver boomerangs
 c - 5 boomerangs of dispersal
 g - 317 stones
 l - 8 boomerangs
 C - 24 poisoned darts (quivered)
Armour
 w - a +0 buckler (worn)
Jewellery
 j - an amulet of regeneration (around mantle)
 y - an uncursed amulet of magic regeneration
Wands
 f - a wand of iceblast (7)
 A - a wand of disintegration (6)
Scrolls
 i - 5 scrolls of remove curse
 o - a scroll of teleportation
 r - a scroll of fear
 x - 2 scrolls of magic mapping
 B - 2 scrolls of identify
Potions
 e - 2 potions of brilliance
 h - 3 potions of mutation
 n - a potion of haste
 p - 2 potions of flight
 s - a potion of cancellation
 v - a potion of might
 z - a potion of stabbing
Comestibles
 d - 12 rations


   Skills:
 * Level 5.2 Fighting
 * Level 5.1 Throwing
 * Level 5.1 Dodging
 * Level 7.3 Stealth
 * Level 3.2 Shields
 * Level 6.9 Unarmed Combat
 + Level 4.1 Spellcasting
 + Level 2.5 Charms
 * Level 5.3 Translocations
 * Level 2.3 Invocations


You had 7 spell levels left.
You knew the following spells:

 Your Spells              Type           Power        Failure   Level  Hunger
a - Shroud of Golubria    Chrm/Tloc      ###...       4%          2    ##.....
b - Blink                 Tloc           N/A          2%          2    ##.....
c - Lesser Beckoning      Tloc           ###.......   5%          3    ###....
d - Teleport Other        Tloc           ###.....     5%          3    ###....

Your spell library contained the following spells:

 Spells                   Type           Power        Failure   Level  Hunger
 Gell's Gravitas          Tloc           ###.......   5%          3    ###....
 Swiftness                Chrm/Air       #.......     16%         2    ##.....
 Shock                    Conj/Air       #...         17%         1    None
 Passage of Golubria      Tloc           N/A          19%         4    ####...
 Static Discharge         Conj/Air       #.......     45%         3    ###....
 Airstrike                Air            #.........   86%         4    ####...
 Lightning Bolt           Conj/Air       #.........   99%         5    ######.


Dungeon Overview and Level Annotations

Branches:
Dungeon (9/15)             Temple (1/1) D:7
   Lair: D:8-11         Orc: D:9-12

Altars:
Ashenzari
Cheibriados
Dithmenos
Elyvilon
Fedhas
Kikubaaqudgha
Makhleb
Nemelex Xobeh
Okawaru
Qazlal
Ru
Sif Muna
Trog
Xom
Zin

Shops:
D:7 %

Annotations:
D:6 2 transporters, simcity's ghost, novice DESu
D:7 4 runed translucent doors


Innate Abilities, Weirdness & Mutations

You cannot wear most types of armour.
You are very stealthy in the water. (Stealth+)
You are amphibious.
You can wear up to eight rings at the same time.
You can use your tentacles to constrict eight enemies at once.
Your skin changes colour to match your surroundings (Stealth+).
Your rubbery body absorbs attacks. (AC +1, EV +1)


Message History

* * * LOW HITPOINT WARNING * * *
Casting: Blink (safe; 2% risk of failure)
Confirm with . or Enter, or press ? or * to list all spells.
You blink.
You are near starving!
The troll is no longer moving slowly.
Okay, then.
As you read the scroll of teleportation, it crumbles to dust.
You feel strangely unstable.
Your shroud begins to fray at the edges.
You tentacle-slap the hound. You grab the hound.
The hound is heavily wounded.
You constrict the hound. The hound barely misses you.
You tentacle-slap the hound but do no damage.
The hound is heavily wounded.
You constrict the hound. The hound closely misses you. The troll bites you!
* * * LOW HITPOINT WARNING * * *
Your shroud falls apart!
The troll claws you!
You die...

********+*+***,#..# #.....#
,,,,,,,,,,>,,*,#..# #.....#
,,,,,,,,,,,,,*,#..# #)....#
,,,,,,,,,,,,,*,#.## #.....#
,,,,,,,,,,,,,*,#.# #.....#
****,,,,,,,,,*,#.# #.....#
,,,***********,#.# #.....###
,,,,,,,,,,,,,,,#.########........
,,,,,,,,,,,,,,,#@...$.(..........
,,,,,,,,,,,,,,,+hT...(...........
,,,,,,,,***#####...............##
,,,,,,,,*,,....................#
,,,,,,,,*,,.......ยง....#######.#
,********,,..........(.# #.#
**,,,,,,,,,............# #.#
,,,,,,,,,,,............# *.#
,,,,,,,,,,,............# *,*


You could see a troll and a hound.

Vanquished Creatures
  Erica (D:9)
  A deep elf mage (D:7)
  Psyche (D:9)
  2 humans (D:7)
  A hungry ghost (D:7)
  A black bear (D:6)
  An ogre (D:4)
  3 centaurs
  A big kobold (D:8)
  A scorpion (D:5)
  3 wights (D:7)
  A howler monkey (D:4)
  7 crimson imps
  A hound (D:7)
  2 jellies
  A bullfrog zombie (D:5)
  A bullfrog skeleton (D:8)
  6 orc priests
  8 orc wizards
  5 worker ants
  6 iguanas
  3 hound skeletons
  4 gnolls (D:2)
  8 adders
  A shadow imp (D:8)
  4 oozes
  4 dart slugs
  5 leopard geckos
  46 orcs
  7 bats
  5 giant cockroaches
  5 goblins
  7 hobgoblins
  8 jackals
  A quokka (D:5)
  A ball python (D:3)
  3 frilled lizards
  15 kobolds
  A leopard gecko skeleton (D:4)
  A leopard gecko zombie (D:6)
  9 rats
192 creatures vanquished.

Notes
Turn   | Place    | Note
-------+----------+-------------------------------------------
     0 | D:1      | BlueFish the Octopode Warper began the quest for the Orb.
     0 | D:1      | Reached XP level 1. HP: 14/14 MP: 3/3
   150 | D:1      | Reached XP level 2. HP: 16/19 MP: 5/5
   154 | D:1      | Learned a level 2 spell: Shroud of Golubria
   157 | D:1      | Learned a level 2 spell: Blink
   528 | D:1      | Reached XP level 3. HP: 23/24 MP: 6/6
   986 | D:2      | Reached skill level 1 in Stealth
  1164 | D:2      | Reached XP level 4. HP: 6/29 MP: 4/7
  1472 | D:2      | Reached skill level 2 in Stealth
  1677 | D:2      | Found a sparkling altar of Nemelex Xobeh.
  1918 | D:2      | Reached XP level 5. HP: 34/35 MP: 4/8
  1928 | D:2      | Learned a level 3 spell: Lesser Beckoning
  1981 | D:2      | Reached skill level 3 in Stealth
  2351 | D:3      | Reached skill level 4 in Stealth
  2351 | D:3      | Reached XP level 6. HP: 34/41 MP: 4/9
  2453 | D:3      | Found a shimmering altar of Xom.
  2875 | D:4      | Found a shimmering blue altar of Sif Muna.
  3099 | D:4      | HP: 1/42 [adder (3)]
  3403 | D:3      | Reached skill level 1 in Charms
  3403 | D:3      | Reached XP level 7. HP: 37/46 MP: 3/10
  3408 | D:3      | Learned a level 3 spell: Teleport Other
  4117 | D:4      | Reached skill level 5 in Stealth
  4261 | D:5      | Entered Level 5 of the Dungeon
  4486 | D:5      | Reached XP level 8. HP: 38/52 MP: 9/12
  4658 | D:5      | Found a shimmering altar of Xom.
  4667 | D:5      | Found a shattered altar of Ashenzari.
  5009 | D:5      | Reached skill level 5 in Unarmed Combat
  5617 | D:6      | Noticed a small abomination
  5637 | D:6      | Noticed simcity's ghost (novice DESu)
  5644 | D:6      | Found a transporter.
  5644 | D:6      | Noticed a cyan ugly thing
  5690 | D:6      | Found a transporter.
  5790 | D:6      | Reached skill level 1 in Shields
  6071 | D:7      | Reached skill level 6 in Stealth
  6129 | D:7      | Found a huge runed translucent gate.
  6130 | D:7      | Found a huge runed translucent gate.
  6131 | D:7      | Found a huge runed translucent gate.
  6131 | D:7      | Noticed a manticore
  6131 | D:7      | Noticed a polar bear
  6131 | D:7      | Noticed a manticore
  6132 | D:7      | Found a huge runed translucent gate.
  6132 | D:7      | Noticed a hippogriff
  6132 | D:7      | Noticed a polar bear
  6132 | D:7      | Noticed a polar bear
  6133 | D:7      | Noticed a dream sheep
  6133 | D:7      | Noticed a yak
  6189 | D:7      | Reached XP level 9. HP: 58/58 MP: 10/14
  6212 | D:7      | Found an iron altar of Okawaru.
  6558 | D:7      | Found a staircase to the Ecumenical Temple.
  6579 | Temple   | Entered the Ecumenical Temple
  6640 | Temple   | Became a worshipper of Cheibriados the Contemplative
  6874 | D:7      | Found Eleg's Food Emporium.
  6996 | D:7      | Noticed a deep elf mage
  7006 | D:7      | Killed a deep elf mage
  7006 | D:7      | Reached skill level 1 in Invocations
  7153 | D:7      | Noticed a polar bear
  7204 | D:8      | Reached skill level 5 in Translocations
  7875 | D:9      | Noticed Erica
  7893 | D:9      | Killed Erica
  7893 | D:9      | Reached skill level 5 in Fighting
  7893 | D:9      | Reached skill level 5 in Throwing
  7893 | D:9      | Reached skill level 5 in Dodging
  7893 | D:9      | Reached skill level 7 in Stealth
  7893 | D:9      | Reached XP level 10. HP: 17/66 MP: 9/16
  8009 | D:9      | Noticed Psyche
  8021 | D:9      | Killed Psyche
  8072 | D:9      | Mangled by a troll

Illustrated notes

Levels and vault maps discovered:
D:1:      dpeg_arrival_rooms_a, layout_loops_ring
D:2:      layout_loops_ring, nemelex_dance_club_becter
D:3:      layout_rooms, led_xom_imps
D:4:      layout_gridville, kennysheep_little_box, first_ration
D:5:      layout_basic, amethyst_overflow_temple_binary
D:6:      layout_loops_corners, gammafunk_ghost_abyssal_escape
D:7:      lemuel_bear_cage, layout_basic, okawaru_humans,
          minmay_temple_entry_steel_oval, serial_shops, shop,
          guppyfry_early_elven_hall
D:8:      layout_basic
D:9:      layout_irregular_city, gammafunk_ghost_hydra_chop, minivault_28,
          uniq_erolcha, uniq_erica, uniq_psyche
Temple:   regret_index_temple_mists

Skill      XL: |  1  2  3  4  5  6  7  8  9 |
---------------+----------------------------+-----
Stealth        | 1 2 4 5 6 7 |  7.3
Dodging        | 3 4 5 |  5.1
Unarmed Combat | 3 4 5 6 |  6.9
Throwing       | 2 3 4 5 |  5.1
Fighting       | 3 4 5 |  5.2
Charms         | 1 2 |  2.5
Spellcasting   | 3 4 |  4.1
Translocations | 4 5 |  5.3
Shields        | 1 3 |  3.2
Invocations    | 2 |  2.3

Action                   |  1- 3 |  4- 6 |  7- 9 | 10-12 || total
-------------------------+-------+-------+-------+-------++-------
Melee: Unarmed           |    86 |   153 |   342 |    16 ||   597
       Constrict         |    27 |    44 |    68 |     3 ||   142
       Tentacles         |    14 |    27 |    76 |     5 ||   122
       Punch             |     3 |       |    15 |     1 ||    19
Throw: Stone             |       |    37 |       |       ||    37
       Boomerang         |       |    11 |    90 |       ||   101
       Dart              |       |       |     8 |     3 ||    11
 Cast: Shroud of Golubri |     5 |    33 |    73 |     5 ||   116
       Blink             |       |     9 |     9 |     4 ||    22
Invok: Bend Time         |       |       |     2 |     1 ||     3
  Use: Scroll            |       |    11 |    11 |     1 ||    23
       Potion            |       |     3 |     3 |       ||     6
 Stab: Sleeping          |     5 |    16 |    12 |     1 ||    34
       Distracted        |       |     1 |       |       ||     1
  Eat: Chunk             |     1 |    10 |    20 |       ||    31
       Ration            |       |       |     1 |       ||     1
Armor: Skin              |     5 |     9 |     8 |     1 ||    23
Dodge: Dodged            |    55 |   102 |   210 |    24 ||   391
Block: Buckler           |       |       |    27 |     2 ||    29

Table legend:
 A = Non-vault XP
 B = Vault XP
 C = Vault XP percentage of total XP
 D = Non-vault monster count
 E = Vault monster count
 F = Vault count percentage of total count
                 A         B        C        D         E       F
            +---------+---------+-------+---------+---------+-------
      Total |    2970 |    2590 |  46.6 |     181 |      11 |   5.7
            +---------+---------+-------+---------+---------+-------
        D:1 |      39 |       0 |   0.0 |      22 |       0 |   0.0
        D:2 |     173 |      10 |   5.5 |      26 |       2 |   7.1
        D:3 |     207 |     194 |  48.4 |      29 |       4 |  12.1
        D:4 |     398 |       0 |   0.0 |      17 |       0 |   0.0
        D:5 |     590 |       0 |   0.0 |      39 |       0 |   0.0
        D:6 |     516 |       0 |   0.0 |      16 |       0 |   0.0
        D:7 |     625 |    1008 |  61.7 |      15 |       3 |  16.7
        D:8 |     422 |       0 |   0.0 |      17 |       0 |   0.0
        D:9 |       0 |    1378 | 100.0 |       0 |       2 | 100.0
            +---------+---------+-------+---------+---------+-------
